[Event "ICC tourney 2564 (45 10)"]
[Site "Internet Chess Club"]
[Date "2021.05.15"]
[Round "2"]
[White "OPASKA, MICHAEL:mopaska1106"]
[Black "RICNESH, RAVIND G N:RickyCarlsen"]
[Result "1-0"]
[ICCResult "Black checkmated"]
[WhiteElo "1871"]
[BlackElo "1700"]
[Opening "QGD: exchange, positional line"]
[ECO "D35"]
[NIC "QO.16"]
[Time "13:31:55"]
[PlyCount "123"]
[TimeControl "2700+10"]

1. d4 Nf6 2. c4 e6 3. Nc3 d5 4. cxd5 exd5 5. Bg5 Be7 6. Qc2 O-O 7. e3 c6 8.
Bd3 h6 9. Bf4 Be6 10. Nge2 Qa5 11. O-O Na6 12. a3 Rac8 13. b4 Qd8 14. Qa4
Qb6 15. h3 Nb8 16. Bh2 a6 17. Qc2 Qa7 18. f3 b6 19. Bf5 Qd7 20. Bd3 Bd6 21.
Nf4 Qc7 22. Kh1 Bd7 23. g4 g5 24. Nh5 Nxh5 25. Bxd6 Qxd6 26. gxh5 Bxh3 27.
Rg1 f5 28. f4 g4 29. Bxf5 Rxf5 30. Qxf5 Rf8 31. Qe5 Qd8 32. Qe6+ Rf7 33.
Qxh6 Rg7 34. Qe6+ Kh7 35. Ra2 Qh4 36. Qf5+ Kh6 37. Rh2 Nd7 38. Ne2 Nf6 39.
Ng3 Ne4 40. Qe6+ Kh7 41. Nxe4 dxe4 42. Qxe4+ Kh6 43. Qxc6+ Kxh5 44. Qe8+
Kh6 45. Qh8+ Rh7 46. Qf8+ Rg7 47. Qf5 Rg6 48. e4 Kg7 49. e5 Qh8 50. Qd7+
Kh6 51. Rxh3+ gxh3 52. Qxh3+ Kg7 53. Rxg6+ Kxg6 54. Qxh8 Kf5 55. Qf8+ Ke4
56. e6 Kxd4 57. e7 Kc4 58. e8=R Kb3 59. Re3+ Ka4 60. Qe8+ b5 61. Qe4 a5 62.
Qc2# { Black checkmated } 1-0

[Event "ICC tourney 2564 (45 10)"]
[Site "Internet Chess Club"]
[Date "2021.05.15"]
[Round "3"]
[White "BANGARU, SAHARSH:Sahabangs"]
[Black "WU, JONATHAN ZUANXU:wulovechess"]
[Result "0-1"]
[ICCResult "White resigns"]
[WhiteElo "1870"]
[BlackElo "1586"]
[Opening "Petrov's defense"]
[ECO "C42"]
[NIC "RG.03"]
[Time "16:08:16"]
[PlyCount "34"]
[TimeControl "2700+10"]

1. e4 e5 2. Nf3 Nf6 3. Nxe5 Nc6 4. Nxc6 dxc6 5. d3 Bc5 6. Be2 h5 7. Nc3 Be6
8. b3 Qd4 9. Be3 Qxc3+ 10. Bd2 Qe5 11. c3 Bb6 12. f4 Qc5 13. d4 Qe7 14. f5
Nxe4 15. fxe6 Qh4+ 16. g3 Nxg3 17. exf7+ Kf8 { White resigns } 0-1

[Event "ICC tourney 2564 (45 10)"]
[Site "Internet Chess Club"]
[Date "2021.05.15"]
[Round "3"]
[White "PREGON, JOSEPH JEFFERY:Fischeresque930"]
[Black "VATS, ATIKSH:avats"]
[Result "1-0"]
[ICCResult "Black checkmated"]
[WhiteElo "1785"]
[BlackElo "1576"]
[Opening "QGD: semi-Slav, Marshall gambit"]
[ECO "D31"]
[NIC "SL.06"]
[Time "16:01:17"]
[PlyCount "43"]
[TimeControl "2700+10"]

1. c4 e6 2. d4 d5 3. Nc3 c6 4. e4 Nf6 5. e5 Nfd7 6. cxd5 exd5 7. Be3 Be7 8.
f4 Nf8 9. Nf3 Ng6 10. Bd3 Nh4 11. Nxh4 Bxh4+ 12. g3 Be7 13. O-O O-O 14. f5
f6 15. e6 b6 16. Qe2 Bb7 17. Rf4 c5 18. Rh4 Nc6 19. Qh5 h6 20. Bxh6 gxh6
21. Qg6+ Kh8 22. Rxh6# { Black checkmated } 1-0

[Event "ICC tourney 2564 (45 10)"]
[Site "Internet Chess Club"]
[Date "2021.05.15"]
[Round "3"]
[White "ATLURI, PRATHIK:ChessStar22"]
[Black "KERR, JOSHUA MORGAN:AbleCompany"]
[Result "1/2-1/2"]
[ICCResult "Game drawn by repetition"]
[WhiteElo "1403"]
[BlackElo "1696"]
[Opening "King's Indian: fianchetto, Panno variation"]
[ECO "E63"]
[NIC "KI.71"]
[Time "16:01:28"]
[PlyCount "89"]
[TimeControl "2700+10"]

1. d4 Nf6 2. c4 g6 3. Nc3 Bg7 4. Nf3 O-O 5. g3 d6 6. Bg2 Nc6 7. O-O a6 8.
e4 Rb8 9. a3 b5 10. cxb5 axb5 11. b4 e5 12. dxe5 dxe5 13. Be3 Be6 14. Qxd8
Rfxd8 15. Rfd1 Ng4 16. Bc5 Bb3 17. Rxd8+ Nxd8 18. h3 Nh6 19. Rb1 Bc4 20.
Bf1 Bxf1 21. Kxf1 Ne6 22. Be3 Nd4 23. Bxd4 exd4 24. Ne2 Rd8 25. Rd1 f5 26.
exf5 Nxf5 27. g4 d3 28. gxf5 dxe2+ 29. Kxe2 Rxd1 30. Kxd1 gxf5 31. Ng5 Bb2
32. Ne6 c6 33. Nd8 Bxa3 34. Nxc6 Kf7 35. Nd4 Bxb4 36. Nxb5 Kf6 37. Ke2 Kg5
38. Nd4 Bc3 39. Nf3+ Kf4 40. Nh2 Ke4 41. Nf3 Kf4 42. Nh2 Ke4 43. Nf3 Kf4
44. Nh2 Ke4 45. Nf3 { Game drawn by repetition } 1/2-1/2

[Event "ICC tourney 2564 (45 10)"]
[Site "Internet Chess Club"]
[Date "2021.05.15"]
[Round "3"]
[White "WU, WENTAO:Threehundreds"]
[Black "TREUSDELL, ROSS G:IveDoneEnough"]
[Result "0-1"]
[ICCResult "White checkmated"]
[WhiteElo "1481"]
[BlackElo "1727"]
[Opening "Sicilian"]
[ECO "B56"]
[NIC "SI.25"]
[Time "16:01:11"]
[PlyCount "52"]
[TimeControl "2700+10"]

1. e4 c5 2. Nf3 Nc6 3. d4 cxd4 4. Nxd4 Nf6 5. Nc3 d6 6. f3 e6 7. Be3 Be7 8.
Qd2 d5 9. exd5 Nxd5 10. Nxd5 Qxd5 11. Nxc6 Qxc6 12. O-O-O O-O 13. Be2 a5
14. Qd3 b6 15. Qb5 Qxb5 16. Bxb5 Ba6 17. Bxa6 Rxa6 18. Rd7 Bf6 19. Rhd1 b5
20. g4 g6 21. Bd4 Bg5+ 22. Kb1 Rc6 23. Bf2 Rfc8 24. c3 b4 25. cxb4 Rc1+ 26.
Rxc1 Rxc1# { White checkmated } 0-1

[Event "ICC tourney 2564 (45 10)"]
[Site "Internet Chess Club"]
[Date "2021.05.15"]
[Round "3"]
[White "THOMAS, MICHAEL G:chesslin"]
[Black "ZILBERMINTZ, LEV:chessrex"]
[Result "1/2-1/2"]
[ICCResult "Game drawn by repetition"]
[WhiteElo "1739"]
[BlackElo "1855"]
[Opening "Queen's pawn: Charlick (Englund) gambit"]
[ECO "A40"]
[NIC "QO.17"]
[Time "16:01:20"]
[PlyCount "110"]
[TimeControl "2700+10"]

1. d4 e5 2. dxe5 Nc6 3. Nf3 Nge7 4. b3 Ng6 5. Bb2 Bb4+ 6. Nbd2 Qe7 7. a3
Bxd2+ 8. Qxd2 Ngxe5 9. Nxe5 Nxe5 10. O-O-O f6 11. e3 d6 12. Be2 Bd7 13. h3
O-O-O 14. f4 Nc6 15. Bf3 Kb8 16. e4 h5 17. Rhe1 Qf7 18. Kb1 Rhe8 19. Re3 g6
20. Rd3 Bc8 21. Qc3 f5 22. e5 dxe5 23. Bxc6 Rxd3 24. Qxd3 bxc6 25. Bxe5 Re7
26. Qc3 Rd7 27. Qb4+ Bb7 28. Rd4 Rxd4 29. Qxd4 Qd5 30. c4 Qxd4 31. Bxd4 c5
32. Bxc5 Bxg2 33. h4 a6 34. Kc2 Kb7 35. Kd3 Kc6 36. Kd4 Bf3 37. b4 Be2 38.
a4 Bd1 39. a5 Be2 40. Bf8 Kb7 41. Kc5 c6 42. Bd6 Bf1 43. Kd4 Be2 44. c5 Kc8
45. Ke5 Kd7 46. Kf6 Bg4 47. Be5 Bf3 48. Kf7 Bg4 49. Bf6 Bf3 50. Be5 Bg4 51.
Bd6 Bf3 52. Kf6 Bg4 53. Be5 Bf3 54. Bd4 Bg4 55. Be5 Bf3 { Game drawn by
repetition } 1/2-1/2

[Event "ICC tourney 2564 (45 10)"]
[Site "Internet Chess Club"]
[Date "2021.05.15"]
[Round "3"]
[White "Gong, Andrew:TheDude865"]
[Black "JENSON, CHRIS:Gallifreyan"]
[Result "1-0"]
[ICCResult "Black resigns"]
[WhiteElo "1543"]
[BlackElo "1628"]
[Opening "Pirc defense"]
[ECO "B07"]
[NIC "PU.08"]
[Time "16:01:13"]
[PlyCount "51"]
[TimeControl "2700+10"]

1. e4 d6 2. d4 Nf6 3. Nc3 e5 4. dxe5 dxe5 5. Qxd8+ Kxd8 6. Nf3 Bd6 7. Bc4
Ke8 8. Bg5 a6 9. Bxf6 gxf6 10. Nd5 Nd7 11. O-O c6 12. Ne3 b5 13. Bd3 Nc5
14. Rad1 Ke7 15. Nh4 Bc7 16. b4 Nxd3 17. Rxd3 Be6 18. Nhf5+ Bxf5 19. Nxf5+
Ke6 20. Rc3 a5 21. Rxc6+ Kd7 22. Rc5 axb4 23. Rd1+ Kc8 24. Nd6+ Kb8 25.
Rxb5+ Ka7 26. Rb7+ { Black resigns } 1-0

[Event "ICC tourney 2564 (45 10)"]
[Site "Internet Chess Club"]
[Date "2021.05.15"]
[Round "3"]
[White "XIAO, MICHAEL:michaelxiao"]
[Black "ZHU, RYAN:Ryan123455"]
[Result "0-1"]
[ICCResult "White checkmated"]
[WhiteElo "1297"]
[BlackElo "1657"]
[Opening "Sicilian: Alapin's variation (2.c3)"]
[ECO "B22"]
[NIC "SI.47"]
[Time "16:01:38"]
[PlyCount "98"]
[TimeControl "2700+10"]

1. e4 c5 2. c3 Nf6 3. e5 Nd5 4. d4 cxd4 5. cxd4 Nc6 6. Nf3 d6 7. exd6 Qxd6
8. Nc3 e6 9. Bc4 Nb6 10. Bb3 Nb4 11. a3 N4d5 12. Nxd5 Nxd5 13. O-O Be7 14.
Ba4+ Bd7 15. Bxd7+ Qxd7 16. Ne5 Qd8 17. Qg4 O-O 18. Bh6 Bf6 19. Nf3 Kh8 20.
Bg5 Rc8 21. Rac1 Qb6 22. Rxc8 Rxc8 23. b4 h6 24. Bxf6 Nxf6 25. Qg3 Kg8 26.
Qe5 Qc6 27. Qa5 a6 28. h3 b5 29. Ne5 Qb7 30. a4 bxa4 31. Qxa4 Rb8 32. Qa1
Nd5 33. Rb1 Nf4 34. Nf3 Nxh3+ 35. gxh3 Qxf3 36. Qxa6 Qxh3 37. Qd6 Rb5 38.
f4 Qg3+ 39. Kf1 Qd3+ 40. Kf2 Qxb1 41. Qd8+ Kh7 42. d5 Rxd5 43. Qc7 Qb2+ 44.
Kf3 Qb3+ 45. Kg4 Qd1+ 46. Kg3 Rd3+ 47. Kf2 Rf3+ 48. Kg2 Qe2+ 49. Kg1 Rf1# {
White checkmated } 0-1

[Event "ICC tourney 2564 (45 10)"]
[Site "Internet Chess Club"]
[Date "2021.05.15"]
[Round "3"]
[White "CHEN, HENRY:Bluebird1222"]
[Black "YU, SICHENG:CheddarCheng1"]
[Result "1-0"]
[ICCResult "Black resigns"]
[WhiteElo "1683"]
[BlackElo "1427"]
[Opening "Giuoco Pianissimo"]
[ECO "C55"]
[NIC "IG.01"]
[Time "16:01:10"]
[PlyCount "69"]
[TimeControl "2700+10"]

1. e4 e5 2. Nf3 Nc6 3. Bc4 Nf6 4. d3 Bc5 5. c3 O-O 6. O-O d5 7. exd5 Nxd5
8. b4 Bb6 9. b5 Na5 10. Nxe5 Re8 11. Nxf7 Qd7 12. Ng5 Nxc4 13. dxc4 Nf6 14.
Qxd7 Bxd7 15. a4 Ng4 16. a5 Bc5 17. Ba3 Bxa3 18. Nxa3 h6 19. Nf3 Nf6 20.
Rfe1 Bg4 21. Nd4 Kf7 22. f3 Bh5 23. Rxe8 Rxe8 24. Kf2 Bg6 25. Re1 Rxe1 26.
Kxe1 Ke7 27. c5 Nd5 28. Kd2 Kf6 29. Nc4 Nf4 30. g3 Nd3 31. c6 b6 32. axb6
axb6 33. Nxb6 Ke5 34. Nc4+ Kd5 35. b6 { Black resigns } 1-0

[Event "ICC tourney 2564 (45 10)"]
[Site "Internet Chess Club"]
[Date "2021.05.15"]
[Round "3"]
[White "LIAO, CONNOR:che2468"]
[Black "SRIRAM, SHRAVAN:chickenlord999"]
[Result "0-1"]
[ICCResult "White checkmated"]
[WhiteElo "1423"]
[BlackElo "1522"]
[Opening "Queen's pawn game"]
[ECO "D05"]
[NIC "QP.06"]
[Time "16:01:34"]
[PlyCount "82"]
[TimeControl "2700+10"]

1. d4 Nf6 2. Nf3 e6 3. e3 d5 4. b3 c5 5. Bb2 Nc6 6. a3 Be7 7. Bd3 O-O 8.
O-O Qc7 9. Nbd2 cxd4 10. exd4 Bd7 11. Ne5 Bd6 12. f4 h6 13. Ndf3 Bxe5 14.
Nxe5 Nxe5 15. dxe5 Ne4 16. Bxe4 dxe4 17. c4 Rad8 18. Qc2 Bc6 19. Rad1 Qb6+
20. Kh1 Qc7 21. Bc3 b6 22. Bb4 Rfe8 23. Bd6 Qb7 24. Kg1 Rc8 25. Rfe1 a5 26.
b4 a4 27. c5 Qa7 28. cxb6 Qxb6+ 29. Bc5 Qb7 30. Rd6 Red8 31. Qd2 Bd5 32.
Qc2 Rxd6 33. exd6 Qd7 34. Qe2 f5 35. Qa6 Rc6 36. Qa8+ Kh7 37. Re3 Rxc5 38.
Qf8 Rc6 39. Rg3 Rc2 40. b5 Qa7+ 41. Kf1 Qf2# { White checkmated } 0-1

[Event "ICC tourney 2564 (45 10)"]
[Site "Internet Chess Club"]
[Date "2021.05.15"]
[Round "3"]
[White "MARKOVIC, GORAN:Goran21"]
[Black "LANCMAN, KALEB M:kaleblancman"]
[Result "0-1"]
[ICCResult "White resigns"]
[WhiteElo "1995"]
[BlackElo "1836"]
[Opening "English: symmetrical variation"]
[ECO "A38"]
[NIC "EO.64"]
[Time "16:01:15"]
[PlyCount "92"]
[TimeControl "2700+10"]

1. c4 Nf6 2. Nc3 c5 3. g3 Nc6 4. Bg2 g6 5. Nf3 Bg7 6. O-O d6 7. Rb1 O-O 8.
a3 a5 9. d3 e5 10. e4 Be6 11. h3 h6 12. Be3 Rb8 13. Qd2 Kh7 14. Nd5 Nd7 15.
Nh4 b5 16. f4 Nd4 17. f5 Bxd5 18. exd5 g5 19. Nf3 bxc4 20. dxc4 Rb3 21.
Bxd4 exd4 22. f6 Rxf3 23. Rxf3 Bxf6 24. Rbf1 Kg7 25. h4 Be7 26. Rf5 Ne5 27.
Qe2 Qb6 28. h5 Kg8 29. Be4 Qb3 30. Kg2 Nxc4 31. R5f3 Ne3+ 32. Kh1 g4 33.
Rf4 Bg5 34. Rf5 Nxf1 35. Qxf1 Qxg3 36. Qe2 Qh3+ 37. Qh2 Re8 38. Qxh3 gxh3
39. Bd3 Re3 40. Bc4 d3 41. Rf2 Re1+ 42. Kh2 d2 43. Bb3 d1=Q 44. Bxd1 Rxd1
45. Kxh3 Rxd5 46. Rf5 Rxf5 { White resigns } 0-1

[Event "ICC tourney 2564 (45 10)"]
[Site "Internet Chess Club"]
[Date "2021.05.15"]
[Round "3"]
[White "LIAO, CAITLIN:che8642"]
[Black "HALL, ISABELLA ANN:isabellahall"]
[Result "0-1"]
[ICCResult "White checkmated"]
[WhiteElo "1560"]
[BlackElo "1528"]
[Opening "Queen's pawn game"]
[ECO "D04"]
[NIC "QP.08"]
[Time "16:01:32"]
[PlyCount "58"]
[TimeControl "2700+10"]

1. d4 d5 2. Nf3 Nf6 3. e3 Bf5 4. Bd3 e6 5. b3 c6 6. Bb2 Bd6 7. O-O Nbd7 8.
Ne5 Qc7 9. Bxf5 exf5 10. f4 O-O 11. Nd2 Rfe8 12. Rf3 c5 13. c4 cxd4 14.
Nxd7 Qxd7 15. Bxd4 Qe6 16. Rg3 Bf8 17. Qe2 Rad8 18. Rd1 b6 19. cxd5 Rxd5
20. Nc4 Bc5 21. Qb2 Bxd4 22. Rxd4 Red8 23. Rxd5 Rxd5 24. Qc3 Rd1+ 25. Kf2
Ne4+ 26. Kf3 Nxc3 27. Rh3 Rf1+ 28. Kg3 Ne4+ 29. Kh4 Qh6# { White checkmated
} 0-1

[Event "ICC tourney 2564 (45 10)"]
[Site "Internet Chess Club"]
[Date "2021.05.15"]
[Round "3"]
[White "DINESH, ABINAV:abi2009"]
[Black "HEBBAR, ESHAAN:solveur"]
[Result "0-1"]
[ICCResult "White resigns"]
[WhiteElo "1660"]
[BlackElo "1333"]
[Opening "Ruy Lopez: 5.O-O"]
[ECO "C78"]
[NIC "RL.12"]
[Time "16:01:14"]
[PlyCount "88"]
[TimeControl "2700+10"]

1. e4 e5 2. Nf3 Nc6 3. Bb5 a6 4. Ba4 Nf6 5. O-O b5 6. Bb3 Bc5 7. Re1 O-O 8.
c3 d6 9. h3 h6 10. d4 Bb6 11. Bc2 Re8 12. a4 b4 13. d5 Ne7 14. cxb4 Ng6 15.
Nc3 Nh5 16. a5 Ba7 17. Ba4 Rf8 18. Bc6 Rb8 19. b5 Qf6 20. Be3 Bxe3 21. fxe3
Ng3 22. Kh2 Nh5 23. b4 Nh4 24. bxa6 Qg6 25. Nxh4 Qg3+ 26. Kg1 Qxh4 27. Qf3
Bxa6 28. b5 Bb7 29. a6 Bxc6 30. a7 Ra8 31. bxc6 Rxa7 32. Nb5 Rxa1 33. Rxa1
Rc8 34. Ra7 Nf6 35. Rxc7 Rxc7 36. Nxc7 Qe1+ 37. Qf1 Qxe3+ 38. Kh1 Nxe4 39.
Qf3 Qe1+ 40. Kh2 Nd2 41. Qa3 Nf1+ 42. Kg1 Ne3+ 43. Kh2 Qf2 44. Qa8+ Kh7 {
White resigns } 0-1

[Event "ICC tourney 2564 (45 10)"]
[Site "Internet Chess Club"]
[Date "2021.05.15"]
[Round "3"]
[White "BULYCHEV-OKSER, MICHAEL:gardemarin13"]
[Black "CHANDI, ISHNOOR SINGH:Ishnoor"]
[Result "1/2-1/2"]
[ICCResult "Game drawn by mutual agreement"]
[WhiteElo "1936"]
[BlackElo "1641"]
[Opening "French: Steinitz, Boleslavsky variation"]
[ECO "C11"]
[NIC "FR.04"]
[Time "16:01:15"]
[PlyCount "53"]
[TimeControl "2700+10"]

1. e4 e6 2. d4 d5 3. Nc3 Nf6 4. e5 Nfd7 5. f4 c5 6. Nf3 Nc6 7. Be3 cxd4 8.
Nxd4 Bc5 9. Qd2 Nxd4 10. Bxd4 Bxd4 11. Qxd4 a6 12. O-O-O Qb6 13. Qxb6 Nxb6
14. Ne2 g5 15. g3 Rg8 16. Nd4 gxf4 17. gxf4 Rg4 18. Bd3 Rxf4 19. Bxh7 Rh4
20. Bd3 Rxd4 21. Bb5+ axb5 22. Rxd4 Rxa2 23. Kb1 Ra4 24. c3 Nd7 25. Re1 f6
26. exf6 Nxf6 27. Re5 { Game drawn by mutual agreement } 1/2-1/2

[Event "ICC tourney 2564 (45 10)"]
[Site "Internet Chess Club"]
[Date "2021.05.15"]
[Round "3"]
[White "RICNESH, RAVIND G N:RickyCarlsen"]
[Black "NGUYEN, THOMAS:tn285"]
[Result "1/2-1/2"]
[ICCResult "Game drawn by repetition"]
[WhiteElo "1700"]
[BlackElo "1581"]
[Opening "QGD: 6.Nf3"]
[ECO "D55"]
[NIC "QO.16"]
[Time "16:01:16"]
[PlyCount "90"]
[TimeControl "2700+10"]

1. d4 Nf6 2. c4 e6 3. Nc3 d5 4. Nf3 Be7 5. Bg5 O-O 6. e3 b6 7. Bd3 dxc4 8.
Bxc4 Bb7 9. O-O h6 10. Bh4 Nbd7 11. Qe2 Ne4 12. Bxe7 Nxc3 13. Bxd8 Nxe2+
14. Bxe2 Rfxd8 15. Rac1 c5 16. Rfd1 Rac8 17. a3 Bd5 18. b4 cxd4 19. Nxd4
Ne5 20. Ba6 Rxc1 21. Rxc1 Kf8 22. Kf1 Rd6 23. Nb5 Bc4+ 24. Rxc4 Nxc4 25.
Nxd6 Nxd6 26. Ke2 Ke7 27. Kd3 Kd7 28. Bc4 Nxc4 29. Kxc4 a6 30. a4 Kc6 31.
e4 e5 32. g3 g5 33. h3 h5 34. b5+ axb5+ 35. axb5+ Kd6 36. f3 h4 37. g4 f6
38. Kb4 Ke6 39. Kc3 Kd6 40. Kc4 Ke6 41. Kd3 Kd6 42. Kc4 Ke6 43. Kc3 Ke7 44.
Kd3 Kd6 45. Kc4 Ke6 { Game drawn by repetition } 1/2-1/2

[Event "ICC tourney 2564 (45 10)"]
[Site "Internet Chess Club"]
[Date "2021.05.15"]
[Round "3"]
[White "CHERUKURI, DEVESH:Deveshc"]
[Black "RODENSTEIN, ALAN:arconsul2"]
[Result "1/2-1/2"]
[ICCResult "Game drawn by mutual agreement"]
[WhiteElo "1517"]
[BlackElo "1674"]
[Opening "Caro-Kann: exchange variation"]
[ECO "B13"]
[NIC "CK.02"]
[Time "16:01:18"]
[PlyCount "122"]
[TimeControl "2700+10"]

1. e4 c6 2. d4 d5 3. exd5 cxd5 4. Bd3 Nc6 5. c3 Nf6 6. h3 g6 7. Qc2 Bg7 8.
Nf3 O-O 9. Bf4 a6 10. Nbd2 b5 11. a3 Bb7 12. Nb3 Nd7 13. O-O Rc8 14. Qd2
Na5 15. Nxa5 Qxa5 16. Rfe1 e6 17. Bh6 Qc7 18. Bf4 Qd8 19. h4 Nf6 20. Bg5
Qb6 21. Bxf6 Bxf6 22. h5 Qd6 23. Qh6 Bg7 24. Qg5 Qd8 25. Qxd8 Rcxd8 26.
hxg6 hxg6 27. Ne5 Bf6 28. Ng4 Be7 29. f4 Kg7 30. Kf2 Rh8 31. Rh1 f6 32.
Rae1 Rxh1 33. Rxh1 Bc8 34. Kg3 Bd7 35. Kf3 Rf8 36. g3 a5 37. Ne3 b4 38.
axb4 axb4 39. c4 dxc4 40. Bxc4 Bc6+ 41. d5 exd5 42. Bxd5 Bd7 43. Rc1 Rc8
44. Rxc8 Bxc8 45. Nc4 Bc5 46. b3 Kf8 47. Nd2 Ke7 48. Bc4 Bb7+ 49. Ke2 Bc6
50. Nf3 Kd6 51. Nh4 Be8 52. g4 Ke7 53. Kd3 Bf2 54. Ng2 Bc6 55. Ne3 Bg3 56.
f5 g5 57. Nd5+ Bxd5 58. Bxd5 Kd6 59. Bc4 Ke5 60. Ke3 Be1 61. Kf3 Bd2 { Game
drawn by mutual agreement } 1/2-1/2

[Event "ICC tourney 2564 (45 10)"]
[Site "Internet Chess Club"]
[Date "2021.05.15"]
[Round "3"]
[White "THAIN, JACK:jt1819"]
[Black "CHERUKURI, NITESH:Niteshc"]
[Result "1-0"]
[ICCResult "Black resigns"]
[WhiteElo "1712"]
[BlackElo "1746"]
[Opening "Caro-Kann: exchange, Rubinstein variation"]
[ECO "B13"]
[NIC "CK.02"]
[Time "16:01:14"]
[PlyCount "75"]
[TimeControl "2700+10"]

1. e4 c6 2. d4 d5 3. exd5 cxd5 4. Bd3 Nc6 5. c3 Nf6 6. Bf4 Bg4 7. Qb3 Qd7
8. Ne2 e6 9. Nd2 Be7 10. O-O O-O 11. Rfe1 Nh5 12. Be3 f5 13. f3 f4 14. Bf2
Bf5 15. Bxf5 Rxf5 16. Nc1 Raf8 17. Nd3 g5 18. Re2 Ng7 19. Rae1 h5 20. h3 g4
21. hxg4 hxg4 22. fxg4 Rg5 23. Nf3 Rg6 24. Nde5 Nxe5 25. Nxe5 Qe8 26. Nxg6
Qxg6 27. c4 Bb4 28. Rf1 f3 29. gxf3 Bd6 30. Kg2 Nf5 31. Rh1 Rf7 32. cxd5
Rh7 33. dxe6 Rxh1 34. e7+ Kh7 35. e8=Q Rh2+ 36. Kg1 Rh1+ 37. Kxh1 Ng3+ 38.
Kg2 { Black resigns } 1-0

[Event "ICC tourney 2564 (45 10)"]
[Site "Internet Chess Club"]
[Date "2021.05.15"]
[Round "3"]
[White "Walsh, Tim R:Telos53"]
[Black "OPASKA, MICHAEL:mopaska1106"]
[Result "0-1"]
[ICCResult "White checkmated"]
[WhiteElo "1839"]
[BlackElo "1871"]
[Opening "Queen's pawn: Yusupov-Rubinstein system"]
[ECO "A46"]
[NIC "QP.06"]
[Time "16:01:39"]
[PlyCount "88"]
[TimeControl "2700+10"]

1. d4 Nf6 2. Nf3 e6 3. e3 Be7 4. Bd3 O-O 5. O-O b6 6. b3 Bb7 7. Bb2 d6 8.
c4 Nbd7 9. Nc3 Re8 10. e4 e5 11. d5 Nf8 12. Ne1 Ng6 13. g3 Bf8 14. Ng2 a6
15. Ne2 Nd7 16. f4 exf4 17. gxf4 Nc5 18. Ng3 a5 19. Bc2 Qd7 20. Qh5 c6 21.
Rad1 cxd5 22. cxd5 Ba6 23. Rfe1 Qc7 24. Bb1 Nd7 25. Qf3 Qd8 26. Nf5 Rc8 27.
h4 Nc5 28. h5 Ne7 29. Ng3 h6 30. f5 Nd7 31. Qf4 Ne5 32. Bxe5 dxe5 33. Qxe5
Nc6 34. Qf4 Ne5 35. Ne3 Qf6 36. Rc1 Bd6 37. Ng4 Nxg4 38. Qxg4 Rc3 39. e5
Rxe5 40. Ne4 Rxe4 41. Bxe4 Rg3+ 42. Qxg3 Bxg3 43. Red1 Qh4 44. Bg2 Qh2# {
White checkmated } 0-1

[Event "ICC tourney 2564 (45 10)"]
[Site "Internet Chess Club"]
[Date "2021.05.15"]
[Round "3"]
[White "ZHANG, SUNNY:AboardBuffalo"]
[Black "VALE CRUZ, ARMIN:trucker"]
[Result "0-1"]
[ICCResult "White resigns"]
[WhiteElo "1623"]
[BlackElo "1709"]
[Opening "Ruy Lopez: classical defense, Benelux variation"]
[ECO "C65"]
[NIC "RL.07"]
[Time "16:01:16"]
[PlyCount "90"]
[TimeControl "2700+10"]

1. e4 e5 2. Nf3 Nc6 3. Bb5 Nf6 4. O-O Bc5 5. c3 O-O 6. d4 Bb6 7. Bg5 h6 8.
Bh4 d6 9. Bxc6 bxc6 10. dxe5 g5 11. Nxg5 Nxe4 12. Nf3 Ng5 13. Nxg5 hxg5 14.
Bg3 d5 15. Qh5 Kg7 16. e6 Qf6 17. exf7 Be6 18. Nd2 Bxf7 19. Qg4 Be6 20. Qe2
Qf5 21. Rae1 Rae8 22. Be5+ Kh6 23. Nf3 Qg6 24. Qd2 Bg4 25. Nd4 c5 26. Nb5
Bd7 27. Nxc7 Rxe5 28. Rxe5 Bxc7 29. Rxd5 Bc6 30. Rxc5 Bb6 31. Re5 Qf6 32.
Qe2 Bd7 33. h3 Qf4 34. Re7 Bxh3 35. Rxa7 Qg3 36. Rh7+ Kxh7 37. Qh5+ Kg7 38.
Qxh3 Bxf2+ 39. Kh1 Rh8 40. Rxf2 Qxf2 41. b4 Rxh3+ 42. gxh3 Qxa2 43. b5 Qb1+
44. Kg2 Qxb5 45. Kg3 Qd3+ { White resigns } 0-1

[Event "ICC tourney 2564 (45 10)"]
[Site "Internet Chess Club"]
[Date "2021.05.15"]
[Round "3"]
[White "LIU, ETHAN:soggydollar"]
[Black "GONG, JONATHAN YICHENG:Theutltl"]
[Result "1-0"]
[ICCResult "Black resigns"]
[WhiteElo "1800"]
[BlackElo "1562"]
[Opening "Sicilian: Kan, 5.Nc3"]
[ECO "B43"]
[NIC "SI.41"]
[Time "16:01:35"]
[PlyCount "65"]
[TimeControl "2700+10"]

1. e4 c5 2. Nf3 e6 3. d4 cxd4 4. Nxd4 a6 5. Nc3 Qc7 6. a3 Nf6 7. Be3 Be7 8.
f4 d6 9. Bd3 Nc6 10. Qd2 b5 11. a4 bxa4 12. Rxa4 O-O 13. O-O Bb7 14. Rfa1
Nxd4 15. Bxd4 e5 16. fxe5 dxe5 17. Bf2 Rfd8 18. Qe2 Rab8 19. Nd1 Bc5 20.
Bxa6 Bxf2+ 21. Kxf2 Bc6 22. Rc4 Nxe4+ 23. Rxe4 Bxe4 24. Qxe4 Rd2+ 25. Ke1
Rxc2 26. Bd3 Rc6 27. Qxh7+ Kf8 28. Qh8+ Ke7 29. Qxg7 Rb3 30. Qg5+ Rf6 31.
Ra6 Rb6 32. Nc3 Rd6 33. Nd5+ { Black resigns } 1-0

[Event "ICC tourney 2564 (45 10)"]
[Site "Internet Chess Club"]
[Date "2021.05.15"]
[Round "3"]
[White "Vieira, Daniel:danthedestroyer"]
[Black "LIN, MICHAEL:loveEdinburgh"]
[Result "0-1"]
[ICCResult "White forfeits on time"]
[WhiteElo "1635"]
[BlackElo "1792"]
[Opening "Sicilian: accelerated fianchetto, modern variation with Bc4"]
[ECO "B35"]
[NIC "SI.43"]
[Time "16:01:11"]
[PlyCount "56"]
[TimeControl "2700+10"]

1. e4 c5 2. Nf3 g6 3. d4 cxd4 4. Nxd4 Bg7 5. Bc4 Nc6 6. Be3 Nf6 7. Nc3 Qa5
8. O-O O-O 9. Bb3 a6 10. f4 d6 11. f5 Bd7 12. Nxc6 Bxc6 13. Qf3 b5 14. fxg6
hxg6 15. Qg3 e6 16. Qh4 Nd7 17. Rf3 Qd8 18. Bg5 Qb6+ 19. Kh1 Rfe8 20. Raf1
Ne5 21. Rh3 Nd7 22. Qh7+ Kf8 23. Qxg6 Ne5 24. Qh7 Qd4 25. Be3 Qb4 26. a3
Qa5 27. Rg3 b4 28. Qxg7+ Ke7 { White forfeits on time } 0-1

[Event "ICC tourney 2564 (45 10)"]
[Site "Internet Chess Club"]
[Date "2021.05.15"]
[Round "3"]
[White "XIAO, MARINA:marinaxiao"]
[Black "MISRA, PRAGYAN:SoaringHawk24"]
[Result "0-1"]
[ICCResult "White resigns"]
[WhiteElo "1547"]
[BlackElo "1515"]
[Opening "Giuoco Piano"]
[ECO "C54"]
[NIC "IG.02"]
[Time "16:01:10"]
[PlyCount "188"]
[TimeControl "2700+10"]

1. e4 e5 2. Nf3 Nc6 3. Bc4 Bc5 4. c3 Nf6 5. d3 h6 6. a4 a6 7. O-O O-O 8.
Nbd2 d6 9. h3 Ba7 10. Re1 Re8 11. Nf1 Be6 12. Bxe6 fxe6 13. d4 exd4 14.
cxd4 e5 15. dxe5 Nxe5 16. Nxe5 dxe5 17. Qb3+ Kh8 18. Qxb7 Qd6 19. Qb3 Qb6
20. Qxb6 Bxb6 21. Ng3 Rad8 22. Be3 Bd4 23. Rab1 Bxe3 24. Rxe3 Rd4 25. b3
Rb8 26. Rc1 Rb7 27. f3 Rdb4 28. Rcc3 g6 29. Ne2 Nh7 30. Nc1 Nf8 31. Red3
Kg7 32. Rd5 Kf6 33. Rdc5 Ne6 34. Rc6 R7b6 35. Rxb6 Rxb6 36. Kf2 h5 37. Kg3
a5 38. Kf2 c6 39. Kg3 Nd4 40. Rc5 Ra6 41. Rc3 Rb6 42. Rc5 Ra6 43. Rc3 Ra7
44. Rc5 Ke6 45. Nd3 Kd6 46. Rxe5 Nxb3 47. Rg5 Rg7 48. Nb2 Ke6 49. Nc4 Kf6
50. h4 c5 51. Kf4 Rb7 52. e5+ Kg7 53. Nd6 Rb4+ 54. Ne4 Nd4 55. Ke3 Ne6 56.
Rg3 Rxa4 57. Ng5 Nd4 58. Kd3 Nf5 59. Rh3 Rxh4 60. Rxh4 Nxh4 61. Ne6+ Kf7
62. Nxc5 Nxg2 63. Kd4 Nf4 64. Ne4 h4 65. Kc5 Nd3+ 66. Kd4 Nf4 67. Kc5 h3
68. Kb5 h2 69. Nf2 Ne2 70. Kxa5 Ng3 71. Kb5 h1=Q 72. Nxh1 Nxh1 73. Kc5 Ke6
74. Kd4 Ng3 75. f4 Kf5 76. Kd5 Kxf4 77. e6 Nf5 78. Kc4 g5 79. Kd3 Kf3 80.
Kd2 Kf2 81. Kd3 g4 82. Ke4 Ne7 83. Ke5 g3 84. Kf6 Nc6 85. e7 Nxe7 86. Kxe7
g2 87. Ke8 g1=Q 88. Ke7 Qg6 89. Kf8 Qh7 90. Ke8 Qg7 91. Kd8 Qf7 92. Kc8 Qe7
93. Kb8 Qd7 94. Ka8 Ke3 { White resigns } 0-1